 Dungeon Crawl Stone Soup version 0.17-a0-1475-g9f81d98 (webtiles) character file.

198 emikaela the Agent of Entropy (level 5, -2/27 HPs)
             Began as a Spriggan Abyssal Knight on July 2, 2015.
             Was a Priest of Lugonu.
             Killed by divine providence
             ... invoked by an orc priest
              (13 damage)
             ... on level 3 of the Dungeon.
             The game lasted 00:11:43 (3232 turns).

emikaela the Agent of Entropy (SpAK)                Turns: 3232, Time: 00:11:43

Health: -2/27      AC:  3    Str:  8    XL:     5   Next: 47%
Magic:  4/9        EV: 19    Int: 13    God:    Lugonu [***...]
Gold:   71         SH:  0    Dex: 17    Spells: 0 memorised, 4 levels left

rFire  . . .     SeeInvis +     q - -1 hunting sling (curse)
rCold  . . .     Clarity  .     i - +1 robe
rNeg   . . .     SustAt   .     (shield restricted)
rPois  .         Gourm    .     (helmet restricted)
rElec  .         Spirit   .     (no cloak)
rCorr  .         Warding  .     (gloves unavailable)
rMut   +         Stasis   .     (boots unavailable)
MR     .....                    x - amulet of resist mutation
Stlth  ++........               (no ring)
                                n - ring of loudness (curse)

@: very quick, not resistant to hostile enchantments, unstealthy
A: unfitting armour, see invisible, herbivore 3, speed 3, slow metabolism 2
a: Depart the Abyss, Bend Space, Banish, Renounce Religion


You were on level 3 of the Dungeon.
You worshipped Lugonu.
Lugonu was most pleased with you.
You were hungry.

You visited 1 branch of the dungeon, and saw 3 of its levels.
You visited the Abyss 1 time.

You collected 71 gold pieces.

Inventory:

Hand weapons
 a - a +1 short sword
 b - a +0 hunting sling
 q - a cursed -1 hunting sling (weapon)
 u - a +0 blowgun
 v - a cursed -1 dagger
Missiles
 d - 69 stones (quivered)
 m - 46 arrows
 s - 13 silver sling bullets
 w - 15 bolts
 y - 3 tomahawks
Armour
 i - a +1 robe (worn)
Jewellery
 n - a cursed ring of loudness (left hand)
 r - an uncursed amulet of resist corrosion
 x - an amulet of resist mutation (around neck)
Scrolls
 e - 2 scrolls of magic mapping
 h - 3 scrolls of fear
 k - a scroll of teleportation
 o - a scroll of blinking
Potions
 f - a potion of invisibility
 g - a potion of mutation {unknown}
 l - 3 potions of might
 p - a potion of curing
 t - a potion of haste {unknown}
Comestibles
 c - 3 bread rations
 j - 9 fruits
 z - a slice of pizza


   Skills:
 - Level 2.6 Fighting
 - Level 3.7 Short Blades
 - Level 3.7 Dodging
 - Level 3.0 Stealth
 + Level 4.1 Invocations


You had 4 spell levels left.
You didn't know any spells.

Dungeon Overview and Level Annotations

Branches:
Dungeon (3/15)

Altars:

Annotations:
Abyss:1 Sigmund


Innate Abilities, Weirdness & Mutations

You are tiny and cannot use many weapons and most armour.
You have supernaturally acute eyesight.
You are a herbivore.
You cover ground extremely quickly.
You need consume almost no food.


Message History

Firing (i - inventory. (,) - cycle):
d - 72 stones (quivered)
Press: ? - help, Shift-Dir - straight line, f - orc priest
Aim: an orc priest, wielding a short sword (severely wounded)
You shoot a stone. The stone barely misses the orc priest.
The orc priest completely misses you.
Firing (i - inventory. (,) - cycle):
d - 71 stones (quivered)
Press: ? - help, Shift-Dir - straight line, f/p - orc priest
Aim: an orc priest, wielding a short sword (severely wounded)
You shoot a stone. The stone barely misses the orc priest.
The orc priest completely misses you.
The orc priest hits you with a short sword.
You are too injured to fight recklessly!
Firing (i - inventory. (,) - cycle):
d - 70 stones (quivered)
Press: ? - help, Shift-Dir - straight line, f/p - orc priest
Aim: an orc priest, wielding a short sword (severely wounded)
You shoot a stone.
The stone completely misses the orc priest.
The orc priest invokes the aid of Beogh against you.
Something smites you!
You die...

........ ###..... .....
###..... ... ..)....#
... ######.# ..( # #.#
#(# # #.# #§# # ####.###
#§# # #......# ##@##
#.##.#.# ##.o.##
#.##.#.# #..(..#
#.##.#.# ##.(.##
###.##.#.#######(###.##
.........)......((......
###.####.###########.###
#......# ########


You could see an orc priest.

Vanquished Creatures
  3 adders
  A worm (D:2)
  2 giant geckos (D:1)
  6 orcs
  4 giant cockroaches
  7 hobgoblins
  6 kobolds
  7 bats
  4 giant newts
  5 goblins
  2 jackals (D:1)
  9 rats
56 creatures vanquished.

Vanquished Creatures (others)
  An orc priest (D:3)
  An orc wizard (D:3)
2 creatures vanquished.

Grand Total: 58 creatures vanquished

Notes
Turn   | Place    | Note
--------------------------------------------------------------
     0 | Abyss:1  | emikaela the Spriggan Abyssal Knight began the quest for the Orb.
     0 | Abyss:1  | Reached XP level 1. HP: 11/11 MP: 3/3
     6 | Abyss:1  | Found a roughly hewn altar of Beogh.
     8 | Abyss:1  | Found a corrupted altar of Lugonu.
    63 | Abyss:1  | Noticed a large abomination
    79 | D:1      | Escaped the Abyss
   286 | D:1      | Reached XP level 2. HP: 2/16 MP: 4/4
   671 | D:1      | Reached skill level 1 in Stealth
   884 | D:1      | Acquired Lugonu's second power
  1332 | D:2      | Reached XP level 3. HP: 16/19 MP: 5/5
  2151 | D:3      | Noticed Sigmund
  2483 | D:3      | Found a faded altar to an unknown god.
  2486 | D:3      | Acquired Lugonu's third power
  2523 | D:3      | Reached XP level 4. HP: 23/23 MP: 6/6
  2758 | D:3      | Banished Sigmund
  2758 | D:3      | Reached XP level 5. HP: 27/27 MP: 6/8
  3229 | D:3      | Reached skill level 4 in Invocations
  3232 | D:3      | Killed from afar by an orc priest

Vault maps used:
D:1:      roderic_crop_circles_arrival_small
D:2:      amethyst_killhole
D:3:      first_bread, ecumenical_altar_2, uniq_sigmund
Abyss:1:  evilmike_abyss_exit_chaos

Action                   |  1- 3 |  4- 6 || total
-------------------------+-------+-------++-------
Melee: Short sword       |    97 |       ||    97
 Fire: Hunting sling     |    68 |    57 ||   125
Throw: Stone             |     2 |       ||     2
Invok: Banish            |       |     3 ||     3
  Use: Scroll            |     9 |       ||     9
 Stab: Sleeping          |     3 |       ||     3
